 Dungeon Crawl Stone Soup version 0.23.1 (webtiles) character file.

Game seed: 5159660592561323889

331 Kisielow the Cudgeler (level 6, 0/48 HPs)
             Began as a Demonspawn Abyssal Knight on Mar 13, 2019.
             Was a Believer of Lugonu.
             Succumbed to an adder's poison
             ... on level 4 of the Dungeon.
             The game lasted 00:09:27 (4058 turns).

Kisielow the Cudgeler (Demonspawn Abyssal Knight)   Turns: 4058, Time: 00:09:28

Health: 0/48       AC: 15    Str: 17    XL:     6   Next: 26%
Magic:  7/7        EV:  5    Int: 13    God:    Lugonu [**....]
Gold:   215        SH:  0    Dex: 12    Spells: 5/5 levels left

rFire    . . .     SeeInvis .   a - +1 mace
rCold    . . .     Gourm    .   (no shield)
rNeg     . . .     Faith    .   l - +1 plate armour
rPois    .         Spirit   .   (no helmet)
rElec    .         Reflect  .   (no cloak)
rCorr    .         Harm     .   (no gloves)
MR       .....                  m - +0 pair of boots
Stlth    ..........             (no amulet)
HPRegen  0.16/turn              n - +2 ring of strength
MPRegen  0.10/turn              (no ring)

@: lethally poisoned (0 -> -1)
A: thin metallic scales 1, powered by pain 1, rot immunity
a: Depart the Abyss, Bend Space, Renounce Religion


You were on level 4 of the Dungeon.
You worshipped Lugonu.
Lugonu was pleased with you.
You were not hungry.

You visited 1 branch of the dungeon, and saw 4 of its levels.
You visited the Abyss 1 time.

You collected 215 gold pieces.

Inventory:

Hand Weapons
 a - a +1 mace (weapon)
Missiles
 b - 98 stones (quivered)
Armour
 l - a +1 plate armour (worn)
 m - a +0 pair of boots (worn)
Jewellery
 n - a +2 ring of strength (left hand)
Scrolls
 f - a scroll of remove curse
 g - 6 scrolls of identify
Potions
 d - a potion of brilliance
 e - a potion of magic
Comestibles
 c - 2 rations
 h - 2 chunks of flesh


   Skills:
 + Level 3.8 Fighting
 * Level 5.2 Maces & Flails
 + Level 2.7 Armour
 - Level 0.8 Dodging
 - Level 2.4 Invocations


You had 5 spell levels left.
You didn't know any spells.
Your spell library was empty.

Dungeon Overview and Level Annotations

Branches:
Dungeon (4/15)
 Temple: D:4-7

Altars:
Xom


Innate Abilities, Weirdness & Mutations

You are partially covered in thin metallic scales. (AC +2)
You sometimes gain a little power by taking damage.
You are immune to rotting.


Message History

h - 2 chunks of flesh
There is a lethal amount of poison in your body!
As you read the scroll labeled YTIDEW GYEL, it crumbles to dust.
You feel blessed for a moment.
It was a scroll of remove curse.
* * * LOW HITPOINT WARNING * * *
You feel sick.
As you read the scroll labeled GECZOU WUIBONGISU, it crumbles to dust.
You feel strangely unstable.
It was a scroll of teleportation.
As you read the scroll labeled YZESCHE ROKAM, it crumbles to dust.
It is a scroll of enchant armour.
Your +0 plate armour glows green for a moment.
You don't have any unidentified items.
Your surroundings suddenly seem different.
* * * LOW HITPOINT WARNING * * *
You feel sick.
* * * LOW HITPOINT WARNING * * *
You feel sick.
* * * LOW HITPOINT WARNING * * *
You feel sick.
You die...

#.# **************#######.#
,,,,,,,,,,,,,,........#
**************#######.#
******* #.# ******* *,,,,,*
#.# ,,,,,,* *,,,,,* #.#
*****,***,,,,,#######.#
*,,,+,,,,,+.@.....#
*********,,,,,#########*******
,,,,,,,,,,***** *,,,,,,,,,*
*********,**********,*****,***
,,,,*,,,,,,,,,,,,,,*,* *,*
,,,,*,**,*********,*,* *,*
,,,,*,*,,,,,,,*,,*,*,* *,*
,,,,*,**,****,*,**,*,* *,*
,,,,*,*****,,,,,,,,*,* *,*


There were no monsters in sight!

Vanquished Creatures
  A hungry ghost (D:4)
  Natasha (thrice) (D:3)
  4 adders
  4 worms
  2 dart slugs
  2 leopard geckos (D:2)
  2 orcs (D:3)
  3 giant cockroaches
  10 hobgoblins
  5 jackals
  9 bats
  6 frilled lizards
  11 goblins
  9 kobolds
  A leopard gecko skeleton (D:4)
  9 rats
81 creatures vanquished.

Notes
Turn   | Place    | Note
-------+----------+-------------------------------------------
     0 | Abyss:1  | Kisielow the Demonspawn Abyssal Knight began the quest for
                  | the Orb.
     0 | Abyss:1  | Reached XP level 1. HP: 18/18 MP: 2/2
     4 | D:1      | Escaped the Abyss
   118 | D:1      | Reached skill level 2 in Maces & Flails
   342 | D:1      | Gained mutation: You sometimes gain a little power by
                  | taking damage. [demonic ancestry]
   342 | D:1      | Reached XP level 2. HP: 21/24 MP: 3/3
   399 | D:1      | Reached * piety under Lugonu
   840 | D:1      | Reached skill level 3 in Maces & Flails
  1263 | D:1      | Reached XP level 3. HP: 27/29 MP: 4/4
  1842 | D:2      | Reached ** piety under Lugonu
  2223 | D:2      | Found a shimmering altar of Xom.
  2257 | D:2      | Reached skill level 4 in Maces & Flails
  2257 | D:2      | Reached XP level 4. HP: 21/35 MP: 5/5
  2983 | D:3      | Noticed Natasha
  3010 | D:3      | Killed Natasha
  3111 | D:3      | Noticed Natasha
  3119 | D:3      | Killed Natasha
  3119 | D:3      | Gained mutation: You are immune to rotting. [demonic
                  | ancestry]
  3119 | D:3      | Reached XP level 5. HP: 40/41 MP: 6/6
  3225 | D:3      | Noticed Natasha
  3246 | D:3      | Killed Natasha
  3588 | D:3      | Found a faded altar of an unknown god.
  3979 | D:4      | Noticed a hungry ghost
  4024 | D:4      | Killed a hungry ghost
  4024 | D:4      | Reached skill level 5 in Maces & Flails
  4024 | D:4      | Gained mutation: You are partially covered in thin metallic
                  | scales. (AC +2) [demonic ancestry]
  4024 | D:4      | Reached XP level 6. HP: 11/48 MP: 7/7
  4040 | D:4      | HP: 2/48 [poisoned by an adder]
  4046 | D:4      | HP: 1/48 [poisoned by an adder]
  4054 | D:4      | HP: 1/48 [poisoned by an adder]
  4058 | D:4      | Succumbed to an adder's poison

Skill      XL: |  1  2  3  4  5 |
---------------+----------------+-----
Maces & Flails | 2 3 4 5 |  5.2
Armour         | 2 |  2.7
Fighting       | |  3.8
Dodging        | |  0.8
Invocations    | |  2.4

Action                   |  1- 3 |  4- 6 || total
-------------------------+-------+-------++-------
Melee: Mace              |   153 |   158 ||   311
Throw: Stone             |    24 |    66 ||    90
Invok: Depart the Abyss  |     1 |       ||     1
  Use: Scroll            |       |     8 ||     8
       Potion            |       |     5 ||     5
  Eat: Chunk             |     4 |    11 ||    15
       Ration            |       |     2 ||     2
Armor: Leather armour    |    21 |       ||    21
       Plate armour      |    44 |   191 ||   235
       Ring mail         |    10 |       ||    10
Dodge: Dodged            |    88 |    48 ||   136
